 Dungeon Crawl Stone Soup version 0.18.1-48-g4cf74bf (webtiles) character file.

603 Ruka the Covert (level 7, -3/32 HPs)
             Began as a Vine Stalker Enchanter on Sept 6, 2016.
             Killed by divine providence
             ... invoked by an orc priest
              (12 damage)
             ... on level 5 of the Dungeon.
             The game lasted 00:30:35 (3421 turns).

Ruka the Covert (Vine Stalker Enchanter)            Turns: 3421, Time: 00:30:35

Health: -3/32      AC:  5    Str: 10    XL:     7   Next: 42%
Magic:  0/11       EV: 12    Int: 17    God:
Gold:   244        SH:  0    Dex: 15    Spells: 3 memorised, 4 levels left

rFire  . . .     SeeInvis .     a - +1 dagger
rCold  . . .     Gourm    .     b - +1 robe
rNeg   . . .     Faith    .     (no shield)
rPois  .         Spirit   +     s - +0 helmet
rElec  .         Dismiss  .     (no cloak)
rCorr  .         Reflect  .     r - +0 pair of gloves
SustAt .         Harm     .     (no boots)
MR     .....                    (no amulet)
Stlth  ++++......               (no ring)
                                (no ring)

@: about to teleport, very slightly contaminated, not resistant to hostile
enchantments, stealthy
A: fangs 2, regeneration 2, magic shield, antimagic bite, no device heal 3, rot
immunity
a: no special abilities


You were on level 5 of the Dungeon.
You were not hungry.

You visited 2 branches of the dungeon, and saw 6 of its levels.

You collected 244 gold pieces.

Inventory:

Hand Weapons
 a - a +1 dagger (weapon)
Missiles
 l - 8 javelins (quivered)
Armour
 b - a +1 robe (worn)
 r - a +0 pair of gloves (worn)
 s - a +0 helmet (worn)
Wands
 t - a wand of digging (18/24)
Scrolls
 m - a scroll of remove curse
 n - a scroll of fog
 o - 2 scrolls of teleportation
Potions
 e - 3 potions of curing
 h - a potion of flight
 j - a potion of agility {unknown}
 k - 2 potions of heal wounds
 p - a potion of cancellation
 q - a potion of haste {unknown}
Books
 c - a book of Maledictions

   Spells                             Type                      Level
   a - Corona                         Hexes                        1
   b - Ensorcelled Hibernation        Hexes/Ice                    2
   c - Confuse                        Hexes                        3
   d - Tukima's Dance                 Hexes                        3
   e - Dazzling Spray                 Conjuration/Hexes            3
Comestibles
 d - 6 bread rations
 f - 4 meat rations
 g - a slice of pizza
 i - 2 chunks of flesh


   Skills:
 - Level 0.8 Short Blades
 - Level 1.5 Dodging
 + Level 9.3 Stealth
 - Level 2.1 Spellcasting
 - Level 5.0 Hexes


You had 4 spell levels left.
You knew the following spells:

 Your Spells              Type           Power        Failure   Level  Hunger
a - Corona                Hex            ###....      2%          1    #......
b - Ensorcelled Hibernat  Hex/Ice        ##....       12%         2    ###....
c - Confuse               Hex            ###.....     10%         3    ###....


Dungeon Overview and Level Annotations

Branches:
Dungeon (5/15)             Temple (1/1) D:4

Altars:
Ashenzari
Cheibriados
Elyvilon
Fedhas
Gozag
Makhleb
Nemelex Xobeh
Pakellas
Qazlal
Ru
Sif Muna
Trog
Vehumet
Xom
Yredelemnul
Zin
The Shining One


Innate Abilities, Weirdness & Mutations

You have extremely sharp teeth.
You heal very quickly.
When hurt, damage is shared between your health and your magic reserves.
Your bite disrupts and absorbs the magic of your enemies.
Potions and wands cannot restore your health.
You are immune to rotting.


Message History

The orc priest invokes the aid of Beogh against you.
You resist with significant effort. The crimson imp hits you.
* * * LOW HITPOINT WARNING * * *
You barely miss the crimson imp.
The crimson imp shouts, "Slither home, thou baffled onion-eyed snaffler!"
The crimson imp hits you but does no damage.
Read which item? (? for menu, Esc to quit)
As you read the scroll of teleportation, it crumbles to dust.
You feel strangely unstable. The crimson imp completely misses you.
You hit the crimson imp.
The crimson imp is lightly wounded.
The orc priest calls down the wrath of Beogh upon you.
Pain shoots through your body!
* * * LOW HITPOINT WARNING * * *
You miss the crimson imp. Your bite misses the crimson imp.
The crimson imp is lightly wounded.
The crimson imp hits you but does no damage.
The orc priest calls down the wrath of Beogh upon you.
Beogh smites you!
You die...

#.###.....................
#.l.....######........##.#
#####.#.# ##.......##.# #
#.# ##...#..##.# #.#
#####(.##.# ####.#.###
#..##.# #.........#
######..##.. #.###.#.#5#
#........... ...#.#@#
#.####....<. # ..# ..#)#
#.# #..#.). #..# #.##.#
#.# #..#... #...#.. #o#
#.# #...... #.#...###.#
#.# #.###.# #....o5...#
#.####.###.# ###.#.#####
#.#........# #
#...##.##### # ...


You could see an orc priest and a crimson imp.

Vanquished Creatures
  The ghost of Ruka the Vexing, an amateur VSEn (D:4)
  2 centaurs (D:5)
  A hound (D:4)
  A worker ant (D:5)
  Natasha (thrice) (D:3)
  An orc wizard (D:4)
  Robin (D:3)
  3 adders
  2 oozes
  A dart slug (D:4)
  3 giant geckos
  11 orcs
  2 giant cockroaches
  14 goblins
  13 hobgoblins
  6 jackals
  2 quokkas
  12 bats
  4 giant newts
  5 kobolds
  11 rats
99 creatures vanquished.

Notes
Turn   | Place    | Note
--------------------------------------------------------------
     0 | D:1      | Ruka the Vine Stalker Enchanter began the quest for the Orb.
     0 | D:1      | Reached XP level 1. HP: 9/9 MP: 4/4
   166 | D:1      | Reached XP level 2. HP: 5/13 MP: 4/6
   338 | D:1      | Learned a level 2 spell: Ensorcelled Hibernation
   819 | D:2      | Reached XP level 3. HP: 16/16 MP: 7/7
  1218 | D:2      | Found a white marble altar of Elyvilon.
  1585 | D:3      | Reached XP level 4. HP: 21/21 MP: 4/8
  1780 | D:3      | Reached skill level 5 in Hexes
  1848 | D:3      | Noticed Robin
  1859 | D:3      | Noticed Natasha
  1869 | D:3      | Reached skill level 4 in Stealth
  1885 | D:3      | Killed Robin
  1894 | D:3      | Killed Natasha
  1894 | D:3      | Reached skill level 5 in Stealth
  1894 | D:3      | Reached XP level 5. HP: 23/24 MP: 2/9
  1931 | D:3      | Noticed Natasha
  1940 | D:3      | Killed Natasha
  2051 | D:3      | Noticed Natasha
  2058 | D:3      | Killed Natasha
  2089 | D:4      | Noticed Ruka's ghost (amateur VSEn)
  2142 | D:4      | Killed Ruka's ghost
  2142 | D:4      | Reached skill level 7 in Stealth
  2142 | D:4      | Gained mutation: You heal very quickly. [Vine Stalker growth]
  2142 | D:4      | Reached XP level 6. HP: 14/28 MP: 3/10
  2206 | D:4      | Learned a level 3 spell: Confuse
  2433 | D:4      | Found a staircase to the Ecumenical Temple.
  2503 | Temple   | Entered the Ecumenical Temple
  2784 | D:4      | Reached skill level 8 in Stealth
  2969 | D:4      | Found a sacrificial altar of Ru.
  3051 | D:4      | Found a radiant altar of Vehumet.
  3056 | D:4      | Found a snail-covered altar of Cheibriados.
  3062 | D:4      | Found a stormy altar of Qazlal.
  3181 | D:5      | Entered Level 5 of the Dungeon
  3192 | D:5      | Reached XP level 7. HP: 20/32 MP: 3/11
  3311 | D:5      | Reached skill level 9 in Stealth
  3421 | D:5      | Killed from afar by an orc priest

Skill      XL: |  1  2  3  4  5  6  7 |
---------------+----------------------+-----
Hexes          | 4 5 |  5.0
Stealth        | 5 7 8 9 |  9.3
Short Blades   | |  0.8
Dodging        | |  1.5
Spellcasting   | |  2.1

Action                   |  1- 3 |  4- 6 |  7- 9 || total
-------------------------+-------+-------+-------++-------
Melee: Dagger            |   119 |   108 |    16 ||   243
       Bite              |    22 |    23 |     1 ||    46
 Cast: Corona            |    13 |     8 |     1 ||    22
       Ensorcelled Hiber |    18 |    34 |     6 ||    58
  Use: Scroll            |     4 |     5 |     1 ||    10
 Stab: Sleeping          |    20 |    28 |     5 ||    53
  Eat: Chunk             |     4 |     7 |       ||    11
       Bread ration      |       |       |     1 ||     1
Armor: Robe              |    51 |    22 |     5 ||    78
Dodge: Dodged            |   101 |    45 |     5 ||   151
